 Dungeon Crawl Stone Soup version 0.23-a0-422-g30b1108 (webtiles) character file.

3755 sl00ts the Slinger (level 10, -4/77 HPs)
             Began as a Gnoll Hunter on Nov 15, 2018.
             Was a Believer of Okawaru.
             Slain by a death yak (13 damage)
             ... on level 8 of the Dungeon.
             The game lasted 00:15:05 (7547 turns).

sl00ts the Slinger (Gnoll Hunter)                   Turns: 7547, Time: 00:15:05

Health: -4/77      AC: 13    Str: 20    XL:     10   Next: 15%
Magic:  17/17      EV: 16    Int: 13    God:    Okawaru [**....]
Gold:   181        SH:  0    Dex: 19    Spells: 18/18 levels left

rFire    . . .     SeeInvis .   a - +5 hunting sling
rCold    . . .     Gourm    .   (no shield)
rNeg     . . .     Faith    .   r - +0 chain mail of Death Resistance {Str+5} (curse)
rPois    .         Spirit   .   (no helmet)
rElec    .         Reflect  .   w - scarf {repulsion}
rCorr    .         Harm     .   x - +0 pair of gloves
MR       .....                  (no boots)
Stlth    ++........             (no amulet)
HPRegen  0.22/turn              (no ring)
MPRegen  0.15/turn              (no ring)

@: heroism, very slightly contaminated, repel missiles
A: distributed training, fangs 1, strong nose
a: Heroism, Renounce Religion


You were on level 8 of the Dungeon.
You worshipped Okawaru.
Okawaru was pleased with you.
You were hungry.

You visited 2 branches of the dungeon, and saw 10 of its levels.

You collected 428 gold pieces.
You spent 247 gold pieces at shops.

Inventory:

Hand Weapons
 a - a +5 hunting sling (weapon)
 b - a +2 dagger of speed
Missiles
 d - 74 sling bullets
 n - 178 stones (quivered)
Armour
 c - a +1 leather armour
 r - the cursed +0 chain mail of Death Resistance (worn) {Str+5}
   (You bought it in a shop on level 6 of the Dungeon)

   It affects your strength (+5).
   It has a curse placed upon it.
 w - a scarf of repulsion (worn)
 x - a +0 pair of gloves (worn)
Wands
 p - a wand of polymorph (5)
 t - a wand of random effects (13)
 y - a wand of digging (3)
 B - a wand of acid (11)
Scrolls
 e - a scroll of amnesia
 g - 3 scrolls of teleportation
 j - a scroll of magic mapping
 l - 4 scrolls of enchant armour
 s - 2 scrolls of remove curse
 z - 2 scrolls of holy word
Potions
 h - 2 potions of curing
 i - 2 potions of brilliance {unknown}
 k - 4 potions of haste
 o - a potion of agility {unknown}
 q - a potion of invisibility {unknown}
 u - a potion of lignification {unknown}
 v - 2 potions of cancellation {unknown}
Comestibles
 f - 14 rations


   Skills:
 + Level 6.8(11.8) Fighting
 + Level 4.9(9.9) Short Blades
 + Level 4.9(9.9) Long Blades
 + Level 4.9(9.9) Axes
 + Level 4.9(9.9) Maces & Flails
 + Level 4.9(9.9) Polearms
 + Level 4.9(9.9) Staves
 + Level 9.8(14.8) Slings
 + Level 4.9(9.9) Bows
 + Level 4.9(9.9) Crossbows
 + Level 4.9(9.9) Throwing
 + Level 4.9(9.9) Armour
 + Level 6.8(11.8) Dodging
 + Level 5.5(10.5) Stealth
 + Level 4.9(9.9) Shields
 + Level 4.9(9.9) Unarmed Combat
 + Level 4.9 Spellcasting
 + Level 4.0 Conjurations
 + Level 4.0 Hexes
 + Level 4.0 Charms
 + Level 4.0 Summonings
 + Level 4.0 Necromancy
 + Level 4.0 Translocations
 + Level 4.0 Transmutations
 + Level 4.0 Fire Magic
 + Level 4.0 Ice Magic
 + Level 4.0 Air Magic
 + Level 4.0 Earth Magic
 + Level 4.0 Poison Magic
 + Level 5.4 Invocations
 + Level 4.9 Evocations


You had 18 spell levels left.
You didn't know any spells.
Your spell library was empty.

Dungeon Overview and Level Annotations

Branches:
Dungeon (9/15)             Temple (1/1) D:4            Lair (0/6) D:9
    Orc: D:9-12

Altars:
Ashenzari
Cheibriados
Dithmenos
Fedhas
Gozag
Hepliaklqana
Kikubaaqudgha
Nemelex Xobeh
Okawaru
Qazlal
Ru
Trog
Uskayaw
Vehumet
Xom
Yredelemnul
Zin
The Shining One

Shops:
D:6 [


Innate Abilities, Weirdness & Mutations

Your experience applies equally to all skills.
You have very sharp teeth.
Your uncanny sense of smell can sniff out nearby items.


Message History

The stone hits the death yak but does no damage.
Firing (i - inventory. (/) - cycle)
n - 180 stones (quivered)
Press: ? - help, Shift-Dir - straight line, f/p - death yak
Aim: a death yak You shoot a stone.
The stone hits the death yak.
The death yak is lightly wounded.
Firing (i - inventory. (/) - cycle)
n - 179 stones (quivered)
Press: ? - help, Shift-Dir - straight line, f/p - death yak
Aim: a death yak (lightly wounded)
You shoot a stone. The stone hits the death yak!
The death yak is moderately wounded.
The death yak gores you!
* * * LOW HITPOINT WARNING * * *
The death yak gores you!
* * * LOW HITPOINT WARNING * * *
Okay, then.
You feel better. The death yak gores you.
* * * LOW HITPOINT WARNING * * *
The death yak gores you!
You die...

.##..#.#..##..............######
.##..#.#..##.##..#####.........#
.##..#.#..##.##..# ####.##.###
.......#..##.##..########.##.#
.##..#.##..#............#.##.#
.##..#.###.#.##..########.##.#
.##....###.#.##..########.##.#
.##.......................##.#
.#...#####...##.@###########.#
.#...# #....##YY# #.# .....#
#....##Y(# #.# .#...# #....##Yr#
#.#
.#..#####.....#..###########.###
...............................#
.#..########..........##########
.#..# ###..........#
##..######.#....(#.####


You could see 2 death yaks, 2 yaks and a porcupine.

Vanquished Creatures
  A hornet (D:8)
  2 hippogriffs (D:7)
  A yak (D:8)
  2 hungry ghosts
  An orc warrior (D:7)
  4 sky beasts
  A black bear (D:8)
  2 phantoms
  2 ogres
  An eye of draining (D:8)
  2 centaurs (D:5)
  A bullfrog (D:8)
  5 scorpions
  4 wights (D:8)
  A crimson imp (D:7)
  A bullfrog zombie (D:8)
  7 hounds
  An orc priest (D:7)
  2 bullfrog skeletons
  2 jellies
  A centaur skeleton (D:5)
  Ijyb (D:5)
  Natasha (twice) (D:2)
  An iguana (D:5)
  5 orc wizards
  8 worker ants
  A worker ant zombie (D:6)
  7 gnolls
  8 adders
  2 shadow imps (D:6)
  2 oozes (D:2)
  An adder zombie (D:8)
  3 adder skeletons
  2 worms
  A dart slug (D:3)
  6 leopard geckos
  11 orcs
  3 ball pythons
  8 bats
  4 giant cockroaches
  11 goblins
  6 hobgoblins
  5 jackals
  4 kobolds
  A quokka (D:5)
  8 frilled lizards
  A leopard gecko skeleton (D:6)
  8 rats
164 creatures vanquished.

Notes
Turn   | Place    | Note
-------+----------+-------------------------------------------
     0 | D:1      | sl00ts the Gnoll Hunter began the quest for the Orb.
     0 | D:1      | Reached XP level 1. HP: 20/20 MP: 1/1
   145 | D:1      | Reached XP level 2. HP: 26/26 MP: 2/2
   604 | D:2      | Reached XP level 3. HP: 31/31 MP: 3/3
   749 | D:2      | Noticed Natasha
   755 | D:2      | Killed Natasha
   755 | D:2      | Reached skill level 1 in Short Blades
   755 | D:2      | Reached skill level 1 in Long Blades
   755 | D:2      | Reached skill level 1 in Axes
   755 | D:2      | Reached skill level 1 in Maces & Flails
   755 | D:2      | Reached skill level 1 in Polearms
   755 | D:2      | Reached skill level 1 in Staves
   755 | D:2      | Reached skill level 1 in Bows
   755 | D:2      | Reached skill level 1 in Crossbows
   755 | D:2      | Reached skill level 1 in Throwing
   755 | D:2      | Reached skill level 1 in Armour
   755 | D:2      | Reached skill level 1 in Shields
   755 | D:2      | Reached skill level 1 in Unarmed Combat
   755 | D:2      | Reached skill level 1 in Spellcasting
   755 | D:2      | Reached skill level 1 in Invocations
   755 | D:2      | Reached skill level 1 in Evocations
   755 | D:2      | Reached XP level 4. HP: 31/38 MP: 5/5
  1199 | D:2      | Noticed Natasha
  1202 | D:2      | Killed Natasha
  1202 | D:2      | Reached skill level 1 in Conjurations
  1202 | D:2      | Reached skill level 1 in Hexes
  1202 | D:2      | Reached skill level 1 in Charms
  1202 | D:2      | Reached skill level 1 in Summonings
  1202 | D:2      | Reached skill level 1 in Necromancy
  1202 | D:2      | Reached skill level 1 in Translocations
  1202 | D:2      | Reached skill level 1 in Transmutations
  1202 | D:2      | Reached skill level 1 in Fire Magic
  1202 | D:2      | Reached skill level 1 in Ice Magic
  1202 | D:2      | Reached skill level 1 in Air Magic
  1202 | D:2      | Reached skill level 1 in Earth Magic
  1202 | D:2      | Reached skill level 1 in Poison Magic
  1266 | D:2      | Reached XP level 5. HP: 41/43 MP: 6/6
  1698 | D:3      | Found a shimmering altar of Xom.
  1966 | D:4      | Reached XP level 6. HP: 50/50 MP: 8/8
  2024 | D:4      | Reached skill level 5 in Fighting
  2024 | D:4      | Reached skill level 5 in Dodging
  2071 | D:4      | Found a staircase to the Ecumenical Temple.
  2080 | Temple   | Entered the Ecumenical Temple
  2919 | D:5      | Entered Level 5 of the Dungeon
  2967 | D:5      | Noticed Ijyb
  2983 | D:5      | Killed Ijyb
  2983 | D:5      | Reached XP level 7. HP: 51/56 MP: 10/10
  3414 | D:5      | Found a radiant altar of Vehumet.
  3640 | D:5      | Reached skill level 9 in Slings
  3847 | D:6      | Reached XP level 8. HP: 52/63 MP: 12/12
  4244 | D:6      | Found Buipykiw's Antique Armour Shoppe.
  4968 | D:6      | Bought a crude chain mail for 247 gold pieces
  4978 | D:6      | Identified the cursed +0 chain mail of Death Resistance
                  | {Str+5} (You bought it in a shop on level 6 of the Dungeon)
  5414 | D:7      | Reached XP level 9. HP: 69/69 MP: 14/14
  5764 | D:7      | Found an iron altar of Okawaru.
  5797 | D:7      | Became a worshipper of Warmaster Okawaru
  6013 | D:7      | Reached skill level 5 in Stealth
  6229 | D:8      | Reached * piety under Okawaru
  6293 | D:8      | Noticed a hornet
  6305 | D:8      | Reached skill level 5 in Invocations
  6319 | D:8      | Paralysed by a hornet for 3 turns
  6756 | D:8      | Killed a hornet
  6781 | D:8      | Reached XP level 10. HP: 77/77 MP: 15/17
  6796 | D:8      | Found a glowing silver altar of Zin.
  7515 | D:9      | Found a staircase to the Lair.
  7515 | D:9      | Noticed a death yak
  7515 | D:9      | Noticed a death yak
  7518 | D:9      | Noticed a death yak
  7534 | D:8      | Reached ** piety under Okawaru
  7547 | D:8      | Slain by a death yak

Vault maps used:
D:1:      roderic_chinese_lattice_arrival, chequers_serial_rivers_room_b,
          minmay_tromino_v4_a
D:2:      uniq_natasha
D:3:      xom_teletrap_fun
D:4:      minmay_temple_entry_enclosed_plants
D:5:      vehumet_crystals, first_ration, kennysheep_generic_room_12, uniq_ijyb
D:6:      hangedman_cross_stitches, serial_shops, shop_statue,
          hangedman_decor_slide_cut
D:7:      kennysheep_okawaru_gauntlet, minmay_tree_intersection
D:8:      old_standard_altar
D:9:      chequers_temple_overflow_minitemple, dpeg_lair_monsters,
          minmay_orc_entry_temple_small, serial_shops, kennysheep_little_box,
          shop, nicolae_shop_trees, serial_bayou, serial_bayou_pond_e,
          serial_bayou_lagoon_a
Temple:   minmay_temple_curvy_branch

Skill      XL: |  1  2  3  4  5  6  7  8  9 10 |
---------------+-------------------------------+-----
Short Blades   | 1 2 3 4 |  4.9
Long Blades    | 1 2 3 4 |  4.9
Axes           | 1 2 3 4 |  4.9
Maces & Flails | 1 2 3 4 |  4.9
Polearms       | 1 2 3 4 |  4.9
Staves         | 1 2 3 4 |  4.9
Bows           | 1 2 3 4 |  4.9
Crossbows      | 1 2 3 4 |  4.9
Throwing       | 1 2 3 4 |  4.9
Armour         | 1 2 3 4 |  4.9
Shields        | 1 2 3 4 |  4.9
Unarmed Combat | 1 2 3 4 |  4.9
Spellcasting   | 1 2 3 4 |  4.9
Invocations    | 1 2 3 4 5 |  5.4
Evocations     | 1 2 3 4 |  4.9
Conjurations   | 1 2 3 4 |  4.0
Hexes          | 1 2 3 4 |  4.0
Charms         | 1 2 3 4 |  4.0
Summonings     | 1 2 3 4 |  4.0
Necromancy     | 1 2 3 4 |  4.0
Translocations | 1 2 3 4 |  4.0
Transmutations | 1 2 3 4 |  4.0
Fire Magic     | 1 2 3 4 |  4.0
Ice Magic      | 1 2 3 4 |  4.0
Air Magic      | 1 2 3 4 |  4.0
Earth Magic    | 1 2 3 4 |  4.0
Poison Magic   | 1 2 3 4 |  4.0
Fighting       | 5 6 |  6.8
Dodging        | 5 6 |  6.8
Stealth        | 3 4 5 |  5.5
Slings         | 9 |  9.8

Action                   |  1- 3 |  4- 6 |  7- 9 | 10-12 || total
-------------------------+-------+-------+-------+-------++-------
 Fire: Hunting sling     |    76 |   145 |   418 |    69 ||   708
Invok: Heroism           |       |       |     1 |     1 ||     2
  Use: Scroll            |     4 |     3 |     7 |     1 ||    15
       Potion            |       |       |     2 |     1 ||     3
  Eat: Chunk             |       |     5 |     9 |     2 ||    16
       Ration            |       |       |     1 |       ||     1
Armor: Leather armour    |     1 |     1 |     7 |       ||     9
       Chain mail        |       |       |    28 |     8 ||    36
Dodge: Dodged            |     5 |    20 |   116 |    24 ||   165

Table legend:
 A = Non-vault XP
 B = Vault XP
 C = Vault XP percentage of total XP
 D = Non-vault monster count
 E = Vault monster count
 F = Vault count percentage of total count
                 A         B        C        D         E       F
            +---------+---------+-------+---------+---------+-------
      Total |    4900 |     465 |   8.7 |     148 |      16 |   9.8
            +---------+---------+-------+---------+---------+-------
        D:1 |      24 |       5 |  17.2 |      16 |       3 |  15.8
        D:2 |     109 |      37 |  25.3 |      19 |       1 |   5.0
        D:3 |      84 |       0 |   0.0 |      25 |       0 |   0.0
        D:4 |     275 |       0 |   0.0 |       7 |       0 |   0.0
        D:5 |     574 |      38 |   6.2 |      21 |       1 |   4.5
        D:6 |     480 |     382 |  44.3 |      12 |       9 |  42.9
        D:7 |    1656 |       3 |   0.2 |      22 |       2 |   8.3
        D:8 |    1698 |       0 |   0.0 |      26 |       0 |   0.0
            +---------+---------+-------+---------+---------+-------
